 Dungeon Crawl Stone Soup version bcrawl-1.19.2-6-g6a88ae04c9 (webtiles) character file.

Game seed: 9174845452729258115

158 Mrkan the Poker (level 5, -1/42 HPs)
             Began as a Merfolk Gladiator on Jan 14, 2020.
             Was a Follower of Lugonu.
             Slain by a worker ant (2 damage)
             ... on level 3 of the Dungeon.
             The game lasted 00:03:24 (3434 turns).

Mrkan the Poker (Merfolk Gladiator)                 Turns: 3434, Time: 00:03:24

Health: -1/42      AC:  5    Str: 14 (15) XL:     5   Next: 40%
Magic:  4/4        EV: 14    Int:  5 (7)  God:    Lugonu [*.....]
Gold:   120        SH:  0    Dex: 15 (16) Spells: 4/4 levels left

rFire    . . .     SeeInvis .   a - +0 trident
rCold    . . .     Gourm    .   (no shield)
rNeg     . . .     Faith    .   b - +0 leather armour
rPois    .         Spirit   .   c - +0 helmet
rElec    .         Reflect  .   (no cloak)
rCorr    .         Harm     .   (no gloves)
MR       .....                  (no boots)
Stlth    +.........             (no amulet)
HPRegen  0.14/turn              (no ring)
MPRegen  0.09/turn              (no ring)

@: lethally poisoned (-1 -> -18)
A: change form in water, swift swim, stealthy swim, rugged brown scales 1, low
mp 1, subdued magic 2
a: Depart the Abyss, Bend Space, Renounce Religion


You were on level 3 of the Dungeon.
You worshipped Lugonu.
Lugonu was aware of your devotion.
You were very hungry.

You visited 1 branch of the dungeon, and saw 3 of its levels.

You collected 120 gold pieces.

Inventory:

Hand Weapons
 a - a +0 trident (weapon)
Missiles
 d - 3 throwing nets (quivered) {!f}
Armour
 b - a +0 leather armour (worn)
 c - a +0 helmet (worn)
Scrolls
 e - a scroll of magic mapping {unknown}
 h - 4 scrolls of identify {unknown}
 j - 2 scrolls of enchant armour {unknown}
 k - 3 scrolls of blinking {unknown}
 l - 2 scrolls of amnesia {unknown}
 o - a scroll of fear {unknown}
 p - a scroll of remove curse {unknown}
Potions
 g - 2 potions of degeneration
 i - a potion of might {unknown}
 m - a potion of invisibility {unknown}
 n - a potion of curing {unknown}
Comestibles
 f - 6 rations {!d}


   Skills:
 + Level 3.4 Fighting
 * Level 6.8 Polearms
 - Level 2.0 Throwing
 + Level 5.2 Dodging


You had 4 spell levels left.
You didn't know any spells.
Your spell library was empty.

Dungeon Overview and Level Annotations

Branches:
Dungeon (3/12)

Altars:
Lugonu
Makhleb
Nemelex Xobeh


Innate Abilities, Weirdness & Mutations

You revert to your normal form in water.
You are very nimble and swift while swimming.
You are very stealthy in the water. (Stealth+)
You are partially covered in rugged brown scales. (AC +1, +3% HP)
Your magical capacity is low. (-10% MP)
Your spells are easier to cast, but less powerful.


Message History

The worker ant is severely wounded.
* * * LOW HITPOINT WARNING * * *
You feel sick. The worker ant closely misses you.
The worker ant bites you but does no damage.
You barely miss the worker ant.
The worker ant is severely wounded.
* * * LOW HITPOINT WARNING * * *
You feel sick. The worker ant misses you.
You completely miss the worker ant.
The worker ant is severely wounded.
* * * LOW HITPOINT WARNING * * *
You feel sick. The worker ant bites you.
* * * LOW HITPOINT WARNING * * *
You are more poisoned.
The worker ant poisons you!
You closely miss the worker ant.
The worker ant is severely wounded.
* * * LOW HITPOINT WARNING * * *
You feel sick. The worker ant bites you.
You die...

#..# #.###.##.# #..#
#......#.# #..
########.# ..## #.#
#..# #.# #..# #.#
##########.#########.#
#..........>.........#
#......@...###########
#...).^a...#
#..........#
#..........#
#..........#
#..........#
#..........#
############


You could see a worker ant.

Vanquished Creatures
  A bullfrog skeleton (D:3)
  A worker ant (D:3)
  3 adders (D:2)
  An ooze (D:1)
  2 worms (D:2)
  2 dart slugs
  3 leopard geckos
  An orc (D:3)
  A ball python (D:2)
  3 bats
  4 giant cockroaches
  2 goblins
  11 hobgoblins
  8 jackals (D:2)
  A quokka (D:1)
  4 frilled lizards (D:1)
  6 kobolds
  5 rats
59 creatures vanquished.

Notes
Turn   | Place    | Note
-------+----------+-------------------------------------------
     0 | D:1      | Mrkan the Merfolk Gladiator began the quest for the Orb.
     0 | D:1      | Reached XP level 1. HP: 16/16 MP: 1/1
   151 | D:1      | Reached XP level 2. HP: 19/23 MP: 2/2
   520 | D:1      | Reached skill level 5 in Polearms
  1121 | D:1      | Reached XP level 3. HP: 27/28 MP: 3/3
  1520 | D:2      | Reached XP level 4. HP: 14/34 MP: 4/4
  1537 | D:2      | Gained mutation: Your spells are a little easier to cast,
                  | but a little less powerful. [potion of mutation]
  1537 | D:2      | Gained mutation: Your magical capacity is low. (-10% MP)
                  | [potion of mutation]
  1537 | D:2      | Gained mutation: Your spells are easier to cast, but less
                  | powerful. [potion of mutation]
  1537 | D:2      | Gained mutation: You are partially covered in rugged brown
                  | scales. (AC +1, +3% HP) [potion of mutation]
  1551 | D:2      | HP: 1/35 [poisoned by an adder]
  1556 | D:2      | HP: 1/35 [poisoned by an adder]
  2031 | D:2      | Reached skill level 6 in Polearms
  2906 | D:2      | Found a corrupted altar of Lugonu.
  2914 | D:2      | Became a worshipper of Lugonu the Unformed
  3121 | D:2      | Found a burning altar of Makhleb.
  3201 | D:3      | Reached skill level 5 in Dodging
  3201 | D:3      | Reached XP level 5. HP: 26/42 MP: 4/4
  3229 | D:3      | Found a sparkling altar of Nemelex Xobeh.
  3433 | D:3      | HP: 2/42 [worker ant (1)]
  3434 | D:3      | Slain by a worker ant

Skill      XL: |  1  2  3  4 |
---------------+-------------+-----
Polearms       | 5 6 |  6.8
Fighting       | 3 |  3.4
Dodging        | 5 |  5.2
Throwing       | |  2.0

Action                   |  1- 3 |  4- 6 || total
-------------------------+-------+-------++-------
Melee: Trident           |   124 |   126 ||   250
  Use: Potion            |       |     3 ||     3
 Stab: Distracted        |     1 |       ||     1
       Sleeping          |     3 |       ||     3
  Eat: Chunk             |     2 |     5 ||     7
Armor: Leather armour    |    23 |    41 ||    64
Dodge: Dodged            |    96 |   120 ||   216
